 Dungeon Crawl Stone Soup version 0.28-a0-1518-gbe868bca14 (webtiles) character file.

Game seed: 10817995369484424239

92 buddhastalin the Sneak (level 4, 0/27 HPs)
             Began as a Kobold Brigand on Jan 16, 2022.
             Slain by Natasha (6 damage)
             ... on level 2 of the Dungeon.
             The game lasted 00:03:21 (1525 turns).

buddhastalin the Sneak (Kobold Brigand)             Turns: 1525, Time: 00:03:21

Health: 0/27       AC:  3    Str:  8    XL:     4   Next: 90%
Magic:  4/4        EV: 14    Int: 14    God:
Gold:   38         SH:  0    Dex: 16    Spells: 3/3 levels left

rFire   . . .      SeeInvis .   a - +3 dagger
rCold   . . .      Faith    .   (no shield)
rNeg    . . .      Spirit   .   b - +0 robe
rPois   .          Reflect  .   (no helmet)
rElec   .          Harm     .   c - +0 cloak
rCorr   .          Rampage  .   (no gloves)
Will    .....                   (no boots)
Stlth   ++++......              (no amulet)
HPRegen 0.09/turn               (no ring)
MPRegen 0.09/turn               (no ring)

@: no status effects
A: small, no large weapons, nightstalker 3
a: no special abilities


You were on level 2 of the Dungeon.
You visited 1 branch of the dungeon, and saw 2 of its levels.

You collected 38 gold pieces.

Inventory:

Hand Weapons
 a - a +3 dagger (weapon)
Missiles
 d - 8 poisoned darts (quivered)
 e - 2 curare-tipped darts
Armour
 b - a +0 robe (worn)
 c - a +0 cloak (worn)
Scrolls
 i - a scroll of enchant weapon {unknown}
 j - a scroll of identify {unknown}
 k - a scroll of immolation {unknown}
Potions
 f - a potion of might
 h - a potion of degeneration {unknown}
 l - a potion of mutation {unknown}


   Skills:
 + Level 2.6 Fighting
 * Level 3.9 Short Blades
 - Level 2.1 Throwing
 + Level 1.9 Dodging
 + Level 6.9 Stealth


You had 3 spell levels left.
You didn't know any spells.
Your spell library was empty.

Dungeon Overview and Level Annotations

Branches:
Dungeon (2/15)

Altars:

Annotations:
D:2 Natasha


Innate Abilities, Weirdness & Mutations

You are small and have problems with some larger weapons.
You are completely attuned to the shadows.


Message History

You closely miss something. You puncture something!
Reactivating autopickup.
The crimson imp disappears in a puff of smoke!
You feel a bit more experienced.
You now have 38 gold pieces (gained 11).
Items here: ) [ ††.
You start resting.
You feel a strong urge to attack something.
You start resting.
You feel your anger nearly subside.
You are no longer berserk.
You are exhausted.
You feel yourself slow down.
You start resting.
You feel a little less mighty now.
You start resting.
You feel yourself speed up.
You start resting.
You recover from your berserk rage.
You start resting.
An adder comes into view.
You start resting.
Natasha, Servant of Life and Death comes into view.
Natasha hisses angrily.
Natasha claws you!
You hit Natasha.
Natasha is lightly wounded.
You hit Natasha but do no damage.
Natasha is lightly wounded.
Natasha claws you.
You closely miss Natasha.
Natasha is lightly wounded.
Natasha claws you.
* * * LOW HITPOINT WARNING * * *
You hit Natasha but do no damage.
Natasha is lightly wounded.
Natasha howls an incantation.
Natasha's front paws start to glow.
Natasha claws you.
You die...

###### #....########
###### #.##......>..
.....######.###########
####..@h..)S.#
########..# #†.# #..#
#.S# #..# ...# #.>.


You could see Natasha.

Vanquished Creatures
  Natasha (twice) (D:2)
  An orc (D:2)
  4 bats (D:1)
  3 endoplasms
  2 giant cockroaches (D:1)
  5 goblins (D:1)
  A hobgoblin (D:1)
  4 jackals (D:2)
  3 kobolds
  4 quokkas (D:1)
  3 ball pythons
  4 frilled lizards
  4 rats
40 creatures vanquished.

Notes
Turn   | Place    | Note
-------+----------+-------------------------------------------
     0 | D:1      | buddhastalin the Kobold Brigand began the quest for the
                  | Orb.
     0 | D:1      | Reached XP level 1. HP: 12/12 MP: 1/1
   238 | D:1      | Reached XP level 2. HP: 17/17 MP: 2/2
   263 | D:1      | Reached skill level 6 in Stealth
   365 | D:1      | Reached XP level 3. HP: 9/21 MP: 3/3
  1072 | D:2      | Found a faded altar of an unknown god.
  1290 | D:2      | Noticed Natasha
  1294 | D:2      | Killed Natasha
  1295 | D:2      | Reached XP level 4. HP: 27/27 MP: 4/4
  1307 | D:2      | Noticed Natasha
  1334 | D:2      | Killed Natasha
  1519 | D:2      | Noticed Natasha
  1525 | D:2      | Slain by Natasha

Illustrated notes

Levels and vault maps discovered:
D:1:      lightli_arrival_maybe_door_vault, layout_rooms
D:2:      layout_loops_ring, serial_shops, shop,
          chequers_ecumenical_altar_simple_redux, uniq_jessica, uniq_natasha

Skill      XL: |  1  2  3 |
---------------+----------+-----
Stealth        | 6 |  6.9
Short Blades   | 3 |  3.9
Fighting       | |  2.6
Throwing       | |  2.1
Dodging        | |  1.9

Action                   |  1- 3 |  4- 6 || total
-------------------------+-------+-------++-------
Melee: Dagger            |   106 |    34 ||   140
  Use: Potion            |       |     2 ||     2
 Stab: Sleeping          |    16 |       ||    16
Armor: Robe              |    19 |     5 ||    24
Dodge: Dodged            |    59 |    16 ||    75

Table legend: (Time is in decaauts)
 A = Elapsed time spent in this place.
 B = Non-inter-level travel time spent in this place.
 C = Inter-level travel time spent in this place.
 D = Time resting spent in this place.
 E = Time spent auto-exploring this place.
 F = Levels seen in this place.
 G = Mean time per level.
                   A        B        C        D        E       F      G
               +--------+--------+--------+--------+--------+-----+--------+
         Total |   1514 |   1490 |     24 |    627 |    588 |   2 |  757.0 |
       Dungeon |   1514 |   1490 |     24 |    627 |    588 |   2 |  757.0 |
               +--------+--------+--------+--------+--------+-----+--------+

Top non-repeatable levels by time:
     D:1: 948 daAuts
     D:2: 566 daAuts
